 Dungeon Crawl Stone Soup version 0.28.0 (webtiles) character file.

Game seed: 15809076850187065045

77059 Gabide the Warrior (level 15, -11/148 HPs)
             Began as a Demonspawn Chaos Knight on Feb 15, 2022.
             Was a Plaything of Xom.
             Mangled by an orc warrior (25 damage)
             ... on level 2 of the Orcish Mines.
             The game lasted 01:08:36 (20476 turns).

Gabide the Warrior (Demonspawn Chaos Knight)       Turns: 20476, Time: 01:08:38

Health: -11/148    AC: 18    Str: 24    XL:     15   Next: 14%
Magic:  16/16      EV: 21    Int: 16    God:    Xom [.*....]
Gold:   1898       SH:  4    Dex: 16    Spells: 14/14 levels left

rFire   + . .      SeeInvis .   C - +7 halberd (vorpal)
rCold   + . .      Faith    .   (shield currently unavailable)
rNeg    . . .      Spirit   .   r - +4 troll leather armour {Pargi}
rPois   +          Reflect  .   (helmet restricted)
rElec   +          Harm     .   (cloak unavailable)
rCorr   +          Rampage  .   O - +2 pair of gloves
Will    ++...                   (no boots)
Stlth   ++........              b - amulet of Fetig {Will+ Regen+}
HPRegen 1.94/turn               J - +4 ring of evasion
MPRegen 0.15/turn               i - +6 ring of strength

@: mighty, brilliant, resistant, on berserk cooldown, slowed, studying
Necromancy, invisible, unable to read, very slow
A: icemail 1, spiny 1, sharp scales 2, condensation shield, weakness stinger 3,
hooves 1, horns 1, camouflage 1, clever 1, deterioration 1, high MP 1, sense
surroundings 1, poison resistance, robust 1, screaming 2, strong 1, wild magic
1, inability to read while threatened
a: Renounce Religion


You were on level 2 of the Orcish Mines.
You worshipped Xom.
You were a plaything of Xom.
You visited 3 branches of the dungeon, and saw 21 of its levels.
You visited the Abyss 1 time.
You also visited: Sewer.

You collected 2183 gold pieces.
You spent 285 gold pieces at shops.

Inventory:

Hand Weapons
 a - a +3 spear of chaos
 C - a +7 vorpal halberd (weapon)
 N - a +2 vampiric demon trident
Armour
 r - a +4 troll leather armour (worn) {Pargi}
 y - +0 acid dragon scales
 D - a +2 leather armour of fire resistance
 O - a +2 pair of gloves (worn)
Jewellery
 b - the amulet of Fetig (around neck) {Will+ Regen+}
   (You acquired it on level 12 of the Dungeon)

   [amulet of regeneration]

   Regen:     It increases your rate of health regeneration.
   Will:      It increases your willpower.
 c - a ring of flight
 h - a ring of willpower
 i - a +6 ring of strength (right hand)
 q - a ring of protection from cold
 s - a ring of protection from cold
 J - a +4 ring of evasion (left hand)
 L - a ring of see invisible
Wands
 k - a wand of charming (2)
 o - a wand of acid (3)
 x - a wand of flame (4)
 A - a wand of iceblast (10)
 E - a wand of digging (3)
 H - a wand of mindburst (9)
 K - a wand of paralysis (6)
Scrolls
 d - 4 scrolls of fear
 j - 8 scrolls of teleportation
 u - a scroll of magic mapping
 G - 2 scrolls of enchant armour
 P - a scroll of vulnerability
Potions
 e - 2 potions of magic
 f - 4 potions of lignification
 g - 2 potions of brilliance
 l - 7 potions of curing
 m - 2 potions of cancellation
 n - 2 potions of flight
 p - 3 potions of invisibility
 t - 2 potions of resistance
 z - a potion of ambrosia {unknown}
 B - 2 potions of haste {unknown}
 I - 3 potions of attraction
 M - a potion of heal wounds


   Skills:
 * Level 17.7 Fighting
 * Level 16.6 Polearms
 + Level 1.0 Throwing
 + Level 5.8 Armour
 * Level 10.7 Dodging
 + Level 5.1 Shields
 - Level 0.3 Evocations


You had 14 spell levels left.
You didn't know any spells.
Your spell library contained the following spells:

 Spells                   Type           Power      Damage    Failure   Level
 Animate Skeleton         Necr           0%         N/A       36%         1
 Pain                     Necr           0%         1d4       36%         1
 Summon Small Mammal      Summ           0%         N/A       36%         1
 Blink                    Tloc           0%         N/A       47%         2
 Call Canine Familiar     Summ           0%         N/A       71%         3
 Frozen Ramparts          Ice            0%         1d2       71%         3
 Ignite Poison            Fire/Tmut/Pois 0%         N/A       71%         3
 Mephitic Cloud           Conj/Pois/Air  0%         N/A       71%         3
 Summon Guardian Golem    Hex/Summ       0%         N/A       71%         3
 Vampiric Draining        Necr           0%         2d6       71%         3
 Cause Fear               Hex            0%         N/A       97%         4
 Fulminant Prism          Conj/Hex       0%         3d6       97%         4
 Iskenderun's Mystic Bla  Conj/Tloc      0%         2d3       97%         4
 Olgreb's Toxic Radiance  Pois           0%         N/A       97%         4
 Freezing Cloud           Conj/Ice/Air   0%         6-21      100%        5
 Lee's Rapid Deconstruct  Erth           0%         3d5*      100%        5
 Conjure Ball Lightning   Conj/Air       0%         3x3d6     100%        6
 Dragon Form              Tmut           0%         N/A       100%        7
 Malign Gateway           Summ/Tloc      0%         N/A       100%        7
 Ozocubu's Refrigeration  Ice            0%         4d5       100%        7
 Discord                  Hex            0%         N/A       100%        8
 Disjunction              Tloc           0%         N/A       100%        8
 Ignition                 Fire           0%         3d3       100%        8
 Dragon's Call            Summ           0%         N/A       100%        9


Dungeon Overview and Level Annotations

Branches:
Dungeon (13/15)            Temple (0/1) D:5            Lair (6/6) D:10
  Swamp (0/4) Lair:2       Spider (0/4) Lair:3        Slime (0/5) Lair:6
    Orc (1/2) D:11          Sewer (visited)
 Vaults: D:13-14

Altars:
Ashenzari
Cheibriados
Dithmenos
Fedhas
Gozag
Kikubaaqudgha
Makhleb
Nemelex Xobeh
Okawaru
Qazlal
Uskayaw
Vehumet
Xom
Zin
Beogh
Lugonu

Shops:
D:12 ?   D:13 !([[

Portals:
Abyss: Lair:6

Annotations:
D:4 1 transporter
Lair:2 exclusion: orange crystal statue
Lair:6 2 transporters, Morbidden's ghost, journeyman DsCj
Orc:2 Donald


Innate Abilities, Weirdness & Mutations

A meltable icy envelope protects you from harm. (AC +4)
You are partially covered in sharp spines.
You are mostly covered in razor-sharp scales. (AC +2, Slay +2)
A meltable shield of frost defends you. (SH +4)
You have a sharp stinger which inflicts weakening toxins.
You have large cloven feet.
You have a pair of small horns on your head.
Your skin changes colour to match your surroundings (Stealth+).
Your mind is acute. (Int +2)
Your body sometimes deteriorates upon taking damage.
You have an increased reservoir of magic. (+10% MP)
You passively map a small area around you.
Your system is resistant to poisons. (rPois)
You are robust. (+10% HP)
You frequently scream uncontrollably at your foes.
Your muscles are strong. (Str +2)
Your spells are a little harder to cast, but a little more powerful.
You sometimes lose the ability to read scrolls when taking damage.


Message History

The orc knight is struck by your spines.
The orc knight completely misses you. The orc warrior closely misses you.
The orc warrior hits you with a +0 glaive!
* * * LOW HITPOINT WARNING * * *
The orange demon misses you.
The orc wizard gestures wildly while chanting.
The orc wizard flickers and vanishes!
The orc wizard mumbles some strange words.
The orc wizard flickers and vanishes!
The orc warrior closely misses you.
The orc wizard casts a spell.
The orc wizard flickers and vanishes!
The orc warlord hits you with a +2 dire flail of protection!!
* * * LOW HITPOINT WARNING * * *
The orc knight is struck by your spines.
The orc knight closely misses you.
Donald and an orc come into view.
Donald is wielding a +0 demon trident of draining.
An orc priest comes into view. It is wielding a +0 mace.
The orc knight hits you with a +0 long sword!
* * * LOW HITPOINT WARNING * * *
The orc is struck by your spines.
You kill the orc!
The orc throws a boomerang.
The boomerang closely misses the orc warrior.
The boomerang closely misses the orc knight.
The boomerang hits the orc warlord but does no damage.
Items here: )))))) [[[[ †††.
The orc shouts!
You slash the orc warrior! Your kick misses the orc warrior.
Your headbutt misses the orc warrior. You tail-slap the orc warrior!
The orc warrior looks weaker.
The orc warrior is severely wounded.
Xom complains about the scenery.
A fountain starts gushing blood!
The orc warlord no longer looks unusually strong.
The orc priest yells to no one in particular.
An orc comes into view. It is wielding a +0 mace.
The orc warrior hits you from afar with a +0 halberd!!
You die...
Xom giggles madly!

* * * ....# ,
*....# , *
###....# , ,
......# ,
...... , , ,
#...# * , * ,
#.).#
.#######@oo####


..oooooooooo....* , ..oo.4ooo...o... , ...o{oTooooo.@oo ...o.oooooo...o.
....⌠oooo..o.... ......ooo....... ................ , , ............... * You
could see an orc warlord, Donald (wandering), 3 orc knights, 2 orc high priests,
an orange demon (summoned), a troll, an orc sorcerer (strong), 10 orc warriors,
7 orc priests, 3 orc wizards and 16 orcs.

Vanquished Creatures
  The ghost of feta the Nimble, an adept GnGl of Okawaru (Lair:3)
  A bunyip (shapeshifter) (Lair:6)
  A catoblepas (Lair:4)
  3 boulder beetles
  10 hydras
  2 centaur warriors (D:13)
  A death knight (D:13)
  3 two-headed ogres
  11 death yaks
  An orc high priest (Orc:2)
  4 thrashing horrors
  4 skeletal warriors
  6 large abominations
  A deep troll (shapeshifter) (D:13)
  A wolf spider (Lair:2)
  4 ugly things
  A cyclops (D:13)
  2 orc sorcerers (Orc:2)
  3 manticores
  A will-o-the-wisp (Lair:2)
  4 black mambas
  A salamander (shapeshifter) (Lair:6)
  Joseph (Lair:1)
  9 elephants
  3 torpor snails
  A gargoyle (D:12)
  8 cane toads
  Maggie (Lair:1)
  A smoke demon (Lair:6)
  A yaktaur (shapeshifter) (D:13)
  3 freezing wraiths
  3 rime drakes
  8 komodo dragons
  2 ancient zymes (Lair:6)
  A queen bee (shapeshifter) (Lair:6)
  4 polar bears
  3 trolls
  A meliai (shapeshifter) (D:13)
  Prince Ribbit (D:9)
  Grinder (D:3)
  A polar bear (shapeshifter) (D:8)
  17 blink frogs
  A hornet (Lair:2)
  4 slime creatures (D:12)
  A slime creature (shapeshifter) (D:11)
  10 dream sheep (Lair:6)
  A jumping spider (Lair:3)
  A vampire (D:12)
  3 ynoxinuls
  66 yaks
  2 wraiths (D:12)
  A spriggan (Lair:6)
  2 wyverns
  4 basilisks
  7 vampire mosquitoes
  3 chaos spawn
  12 small abominations (Lair:6)
  3 acid dragons
  8 water moccasins
  Pargi (Sewer)
  8 orc warriors
  2 black bears
  An ice beast (D:6)
  A necrophage (D:4)
  An ogre (D:4)
  A tengu (shapeshifter) (Lair:1)
  8 wolves
  7 centaurs
  A kobold brigand (D:7)
  7 bullfrogs
  2 gnoll sergeants (D:7)
  A wyvern zombie (D:8)
  2 scorpions
  A water moccasin zombie (D:5)
  12 killer bees
  4 wights (D:10)
  3 electric eels
  6 howler monkeys
  A crimson imp (D:7)
  4 centaur zombies
  A bullfrog zombie (D:7)
  4 lava snakes (Lair:2)
  2 hounds (D:4)
  A jelly (D:6)
  A bullfrog skeleton (D:5)
  8 orc priests
  Jessica (D:3)
  2 iguanas
  18 orc wizards
  4 hell rats (Lair:3)
  Robin (D:4)
  12 gnolls
  12 adders
  A shadow imp (D:6)
  2 white imps
  4 worms
  3 dart slugs
  54 orcs
  8 ball pythons
  8 endoplasms
  9 giant cockroaches
  15 goblins
  15 hobgoblins
  7 jackals
  2 quokkas
  12 bats
  2 frilled lizards
  11 kobolds
  7 rats
566 creatures vanquished.

Vanquished Creatures (collateral kills)
  2 skeletal warriors (D:12)
  An elephant (Lair:6)
  A cane toad (Lair:6)
  2 komodo dragons (Lair:6)
  A troll (D:11)
  A blink frog (Lair:6)
  A yak (Lair:6)
  A wyvern (D:11)
  A water moccasin (Lair:6)
  2 centaurs
  A scorpion (D:4)
  3 wights (D:5)
  A bullfrog zombie (D:6)
  2 orc priests (Orc:2)
  An orc wizard (Orc:2)
  An iguana (D:5)
  2 river rats (D:4)
  An adder (Lair:2)
  3 orcs
  A rat (D:4)
29 creatures vanquished.

Vanquished Creatures (others)
  A dancing weapon (D:12)
  An orc sorcerer (Orc:2)
  An orc priest (Orc:2)
  An iguana (D:4)
  An orc (Orc:2)
  A hobgoblin (D:3)
  30 fungi
  44 plants
80 creatures vanquished.

Grand Total: 675 creatures vanquished

Notes
Turn   | Place    | Note
-------+----------+-------------------------------------------
     0 | D:1      | Gabide the Demonspawn Chaos Knight began the quest for the
                  | Orb.
     0 | D:1      | Reached XP level 1. HP: 18/18 MP: 1/1
    61 | D:1      | XOM: divination: magic mapping
   234 | D:1      | Gained mutation: A meltable shield of frost defends you.
                  | (SH +4) [demonic ancestry]
   234 | D:1      | Reached XP level 2. HP: 24/24 MP: 2/2
   260 | D:1      | XOM: silly message
   263 | D:1      | You fall into a shaft and drop 1 floor!
   307 | D:2      | XOM: noise
   533 | D:2      | XOM: silly message
   537 | D:2      | XOM: divination: magic mapping
   606 | D:2      | Reached skill level 1 in Dodging
   857 | D:1      | Reached XP level 3. HP: 29/29 MP: 3/3
   879 | D:1      | XOM: silly message
   994 | D:1      | XOM: divination: detect items
  1267 | D:1      | Found a faded altar of an unknown god.
  1649 | D:2      | XOM: potion effect (berserk rage)
  1783 | D:2      | Reached XP level 4. HP: 35/35 MP: 4/4
  1792 | D:2      | XOM: silly message
  1896 | D:2      | XOM: silly message
  2107 | D:2      | XOM: silly message
  2125 | D:2      | XOM: silly message
  2188 | D:2      | XOM: confuse monster(s)
  2768 | D:2      | XOM: silly message
  2810 | D:3      | Gained mutation: You have a small tail. [demonic ancestry]
  2810 | D:3      | Reached XP level 5. HP: 42/42 MP: 5/5
  3016 | D:3      | XOM: noise
  3151 | D:3      | XOM: cast spell 'Summon Ice Beast'
  3155 | D:3      | Reached skill level 4 in Fighting
  3223 | D:3      | Noticed Grinder
  3239 | D:3      | Killed Grinder
  3240 | D:3      | Reached skill level 5 in Polearms
  3240 | D:3      | Gained mutation: You are partially covered in razor-sharp
                  | scales. (AC +1, Slay +1) [demonic ancestry]
  3240 | D:3      | Reached XP level 6. HP: 34/49 MP: 6/6
  3415 | D:3      | Noticed Jessica
  3417 | D:3      | XOM: silly message
  3420 | D:3      | Killed Jessica
  3441 | D:3      | Found a radiant altar of Vehumet.
  3532 | D:3      | Found a broken altar of Ashenzari.
  3589 | D:3      | XOM: give mutation
  3589 | D:3      | Gained mutation: You are frail. (-10% HP) [Xom's mischief]
  3921 | D:4      | Found a hide-covered altar of Uskayaw.
  3921 | D:4      | XOM: 1-stop teleportation journey
  3924 | D:4      | Found an iron altar of Okawaru.
  3947 | D:4      | Found a stormy altar of Qazlal.
  3959 | D:4      | Gained mutation: A meltable icy envelope protects you from
                  | harm. (AC +4) [demonic ancestry]
  3959 | D:4      | Reached XP level 7. HP: 47/49 MP: 7/7
  4032 | D:4      | Noticed Robin
  4070 | D:4      | Killed Robin
  4448 | D:4      | XOM: summons friendly iron imp
  4621 | D:4      | Found a glowing drain.
  4634 | Sewer    | Entered a sewer
  4665 | Sewer    | Noticed Pargi
  4666 | Sewer    | XOM: enchant monster (bad)
  4671 | Sewer    | XOM: chaos cloud
  4674 | Sewer    | Killed Pargi
  4797 | D:4      | XOM: divine lightning
  4828 | D:4      | Identified a scroll of acquirement
  4828 | D:4      | Acquired a manual of Fighting
  4862 | D:4      | XOM: give mutations
  4862 | D:4      | Gained mutation: Armour fits poorly on your strangely
                  | shaped body. [Xom's mischief]
  4862 | D:4      | Gained mutation: You sometimes lose the ability to read
                  | scrolls when taking damage. [Xom's mischief]
  4920 | D:4      | XOM: silly message
  4931 | D:4      | Reached skill level 5 in Fighting
  4998 | D:4      | Found a sparkling altar of Nemelex Xobeh.
  4998 | D:4      | Found a transporter.
  5090 | D:5      | Entered Level 5 of the Dungeon
  5105 | D:5      | Found a staircase to the Ecumenical Temple.
  5141 | D:5      | Reached skill level 1 in Shields
  5204 | D:5      | XOM: draining
  5258 | D:5      | Gained mutation: You have a tail ending in a sharp stinger.
                  | [demonic ancestry]
  5258 | D:5      | Reached XP level 8. HP: 47/47 MP: 8/8
  5533 | D:5      | XOM: cleaving
  5664 | D:5      | XOM: smoke on damage
  5667 | D:5      | XOM: smoke on damage
  5938 | D:5      | XOM: god gift: wand of acid (4)
  6038 | D:5      | XOM: divination: detect creatures
  6543 | D:5      | Lost mutation: Armour fits poorly on your strangely shaped
                  | body. [potion of mutation]
  6543 | D:5      | Lost mutation: You sometimes lose the ability to read
                  | scrolls when taking damage. [potion of mutation]
  6543 | D:5      | Lost mutation: You are frail. (-10% HP) [potion of
                  | mutation]
  6543 | D:5      | Gained mutation: You have an increased reservoir of magic.
                  | (+10% MP) [potion of mutation]
  6543 | D:5      | Gained mutation: Your mind is acute. (Int +2) [potion of
                  | mutation]
  6543 | D:5      | Lost mutation: Your mind is acute. (Int +2) [potion of
                  | mutation]
  6613 | D:6      | XOM: scenery: create altars
  6625 | D:6      | XOM: smoke on damage
  6761 | D:6      | XOM: god gift: 18 arrows
  6850 | D:6      | XOM: summons 3 friendly demons
  6862 | D:6      | Reached skill level 6 in Fighting
  6914 | D:6      | Got the Collected Works on the Unstable Frostbite
  6978 | D:6      | Reached XP level 9. HP: 69/71 MP: 9/9
  7144 | D:6      | XOM: silly message
  7461 | D:7      | Found a snail-covered altar of Cheibriados.
  7547 | D:7      | Reached skill level 7 in Fighting
  7572 | D:7      | Reached skill level 5 in Dodging
  7611 | D:7      | XOM: confusion (+ monsters)
  7706 | D:7      | Found an ancient bone altar of Kikubaaqudgha.
  7770 | D:7      | Found a flagged portal.
  7833 | D:7      | Found a burning altar of Makhleb.
  7856 | D:7      | Reached skill level 8 in Fighting
  7910 | D:7      | Found an opulent altar of Gozag.
  8238 | D:7      | XOM: give mutations
  8238 | D:7      | Gained mutation: You sometimes lose the ability to read
                  | scrolls when taking damage. [Xom's mischief]
  8238 | D:7      | Gained mutation: You tend to lose your temper in combat.
                  | [Xom's mischief]
  8298 | D:8      | Noticed a polar bear
  8298 | D:8      | a shapeshifter changed into a polar bear
  8311 | D:8      | Killed a polar bear
  8511 | D:8      | XOM: stat loss: -1 Int (13/14)
  8556 | D:8      | XOM: polymorph orc wizard -> acid dragon
  8584 | D:8      | XOM: give mutations
  8584 | D:8      | Gained mutation: You occasionally shout uncontrollably at
                  | your foes. [Xom's mischief]
  8584 | D:8      | Gained mutation: You frequently scream uncontrollably at
                  | your foes. [Xom's mischief]
  8584 | D:8      | Gained mutation: Armour fits poorly on your strangely
                  | shaped body. [Xom's mischief]
  8600 | D:8      | Lost mutation: You sometimes lose the ability to read
                  | scrolls when taking damage. [potion of mutation]
  8600 | D:8      | Lost mutation: You have an increased reservoir of magic.
                  | (+10% MP) [potion of mutation]
  8600 | D:8      | Gained mutation: You expend magic power (3 MP) to
                  | strengthen your wands. [potion of mutation]
  8600 | D:8      | Gained mutation: You have large cloven feet. [potion of
                  | mutation]
  8610 | D:8      | XOM: divination: detect items
  8848 | D:8      | Found a shadowy altar of Dithmenos.
  8953 | D:8      | XOM: divination: magic mapping
  8990 | D:8      | XOM: silly message
  9104 | D:9      | XOM: polymorph acid dragon -> black bear
  9196 | D:9      | XOM: give mutation
  9196 | D:9      | Gained mutation: You have an increased reservoir of magic.
                  | (+10% MP) [Xom's mischief]
  9249 | D:9      | Reached XP level 10. HP: 82/82 MP: 11/11
  9663 | D:9      | XOM: 2-stop teleportation journey
  9855 | D:9      | Cast into level 3 of the Abyss (Xom)
  9886 | Abyss:3  | XOM: polymorph blink frog -> shapeshifter
  9886 | Abyss:3  | Noticed a fire crab
  9886 | Abyss:3  | a shapeshifter changed into a fire crab
  9905 | Abyss:3  | HP: 2/82 [something (shapeshifter)] (12)]
 10001 | Abyss:3  | Noticed a starcursed mass
 10001 | Abyss:3  | Noticed a thrashing horror
 10007 | Abyss:3  | Noticed a thrashing horror
 10009 | Abyss:3  | Noticed a large abomination
 10013 | Abyss:3  | Noticed a glowing orange brain
 10021 | Abyss:3  | Noticed an apocalypse crab
 10021 | Abyss:3  | XOM: swap monsters
 10022 | Abyss:3  | Gained mutation: Your spells are a little easier to cast,
                  | but a little less powerful. [a neqoxec]
 10023 | Abyss:3  | Killed a large abomination
 10023 | Abyss:3  | Killed a thrashing horror
 10130 | Abyss:3  | XOM: give mutations
 10130 | Abyss:3  | Lost mutation: You frequently scream uncontrollably at your
                  | foes. [Xom's mischief]
 10130 | Abyss:3  | Gained mutation: You frequently scream uncontrollably at
                  | your foes. [Xom's mischief]
 10130 | Abyss:3  | Gained mutation: You sometimes lose the ability to read
                  | scrolls when taking damage. [Xom's mischief]
 10139 | Abyss:3  | XOM: torment (37/82 hp)
 10143 | Abyss:3  | Noticed a large abomination
 10152 | Abyss:3  | Killed a large abomination
 10155 | D:9      | Escaped the Abyss
 10311 | D:9      | XOM: give mutations
 10311 | D:9      | Lost mutation: You tend to lose your temper in combat.
                  | [Xom's mischief]
 10311 | D:9      | Lost mutation: You have an increased reservoir of magic.
                  | (+10% MP) [Xom's mischief]
 10329 | D:9      | Noticed Prince Ribbit
 10329 | D:9      | XOM: noise
 10338 | D:9      | Killed Prince Ribbit
 10339 | D:9      | Reached skill level 9 in Fighting
 10516 | D:10     | Entered Level 10 of the Dungeon
 10600 | D:10     | Found a blossoming altar of Fedhas.
 10639 | D:10     | Noticed a two-headed ogre
 10649 | D:10     | Killed a two-headed ogre
 10650 | D:10     | Reached skill level 10 in Fighting
 10650 | D:10     | Reached skill level 10 in Polearms
 10708 | D:10     | XOM: divination: detect items
 10739 | D:10     | Found a staircase to the Lair.
 10803 | D:10     | XOM: potion effect (invisibility)
 11032 | D:10     | Noticed a two-headed ogre
 11043 | D:10     | Killed a two-headed ogre
 11216 | D:11     | Noticed a manticore
 11227 | D:11     | Killed a manticore
 11228 | D:11     | Reached skill level 11 in Fighting
 11229 | D:11     | Found a staircase to the Orcish Mines.
 11246 | D:11     | Noticed a glowing shapeshifter
 11247 | D:11     | XOM: confuse monster(s)
 11247 | D:11     | a glowing shapeshifter changed into a slime creature
 11305 | D:11     | Noticed a boulder beetle
 11331 | D:11     | Killed a boulder beetle
 11332 | D:11     | Gained mutation: You are partially covered in sharp spines.
                  | [demonic ancestry]
 11332 | D:11     | Reached XP level 11. HP: 95/95 MP: 9/11
 11468 | D:11     | Noticed a cyan ugly thing
 11479 | D:11     | Killed a cyan ugly thing
 11480 | D:11     | Reached skill level 12 in Fighting
 11992 | D:11     | XOM: give mutations
 11992 | D:11     | Gained mutation: Your body sometimes deteriorates upon
                  | taking damage. [Xom's mischief]
 11992 | D:11     | Lost mutation: Your spells are a little easier to cast, but
                  | a little less powerful. [Xom's mischief]
 11992 | D:11     | Lost mutation: Armour fits poorly on your strangely shaped
                  | body. [Xom's mischief]
 12058 | D:12     | XOM: give mutation
 12058 | D:12     | Gained mutation: Your magical capacity is low. (-10% MP)
                  | [Xom's mischief]
 12069 | D:12     | Noticed a four-headed hydra
 12076 | D:12     | Killed a four-headed hydra
 12103 | D:12     | Noticed a two-headed ogre
 12116 | D:12     | Killed a two-headed ogre
 12160 | D:12     | Reached skill level 13 in Fighting
 12173 | D:12     | XOM: give mutations
 12173 | D:12     | Gained mutation: You passively map a small area around you.
                  | [Xom's grace]
 12173 | D:12     | Lost mutation: Your magical capacity is low. (-10% MP)
                  | [Xom's grace]
 12173 | D:12     | Gained mutation: You have an increased reservoir of magic.
                  | (+10% MP) [Xom's grace]
 12173 | D:12     | Gained mutation: Your muscles are strong. (Str +2) [Xom's
                  | grace]
 12243 | D:12     | Noticed a boulder beetle
 12246 | D:12     | XOM: 1-stop teleportation journey
 12250 | D:12     | Noticed a purple ugly thing
 12253 | D:12     | XOM: fog
 12270 | D:12     | Killed a purple ugly thing
 12315 | D:12     | Noticed a skeletal warrior
 12320 | D:12     | XOM: fog
 12323 | D:12     | XOM: confuse monster(s)
 12330 | D:12     | Noticed a skeletal warrior
 12336 | D:12     | XOM: summons 11 friendly demons
 12343 | D:12     | Noticed a skeletal warrior
 12343 | D:12     | Noticed a skeletal warrior
 12346 | D:12     | Killed a skeletal warrior
 12374 | D:12     | Killed a skeletal warrior
 12382 | D:12     | Killed a skeletal warrior
 12383 | D:12     | Reached skill level 14 in Fighting
 12459 | D:12     | XOM: scenery: 1 doors close
 12559 | D:12     | XOM: 1-stop teleportation journey
 12597 | D:12     | XOM: cast spell 'Olgreb's Toxic Radiance'
 12611 | D:12     | XOM: cleaving
 12621 | D:12     | Killed a skeletal warrior
 12718 | D:12     | Acquired the amulet of Fetig {Will+ Regen+}
 12730 | D:12     | XOM: 2-stop teleportation journey
 12782 | D:12     | XOM: give mutations
 12782 | D:12     | Gained mutation: You have a pair of small horns on your
                  | head. [Xom's grace]
 12782 | D:12     | Gained mutation: Your mind is acute. (Int +2) [Xom's grace]
 12852 | D:12     | XOM: scenery: 1 doors close
 12905 | D:12     | Noticed a skeletal warrior
 12913 | D:12     | Killed a skeletal warrior
 12914 | D:12     | Reached skill level 5 in Armour
 12914 | D:12     | Gained mutation: You have a sharp stinger which inflicts
                  | weakening toxins. [demonic ancestry]
 12914 | D:12     | Reached XP level 12. HP: 95/108 MP: 13/13
 12950 | D:12     | XOM: destruction
 12988 | D:12     | Killed a boulder beetle
 13050 | D:12     | XOM: divination: detect creatures
 13094 | D:12     | Reached skill level 1 in Throwing
 13176 | D:12     | Found Xixyc's Magic Scroll Shoppe.
 13179 | D:12     | Bought a scroll of enchant weapon for 75 gold pieces
 13179 | D:12     | Bought a scroll of enchant armour for 75 gold pieces
 13179 | D:12     | Bought a scroll of teleportation for 30 gold pieces
 13179 | D:12     | Bought a scroll of enchant weapon for 75 gold pieces
 13179 | D:12     | Bought a scroll of teleportation for 30 gold pieces
 13314 | D:13     | Noticed an eight-headed hydra
 13320 | D:13     | Killed a 13-headed hydra
 13405 | D:13     | XOM: god gift: wand of mindburst (7)
 13533 | D:13     | XOM: confuse monster(s)
 13556 | D:13     | Noticed a centaur warrior
 13560 | D:13     | Killed a centaur warrior
 13641 | D:13     | Noticed a death knight
 13660 | D:13     | XOM: enchant monster (good)
 13694 | D:13     | Killed a death knight
 13696 | D:13     | Noticed a centaur warrior
 13702 | D:13     | Killed a centaur warrior
 13703 | D:13     | Reached skill level 15 in Fighting
 13866 | D:13     | XOM: scenery: create altars
 14082 | D:13     | XOM: give mutations
 14082 | D:13     | Gained mutation: You are robust. (+10% HP) [Xom's grace]
 14082 | D:13     | Gained mutation: You have hidden genetic potential. [Xom's
                  | grace]
 14082 | D:13     | Gained mutation: Your skin changes colour to match your
                  | surroundings (Stealth+). [Xom's grace]
 14111 | D:13     | XOM: give mutations
 14111 | D:13     | Lost mutation: You have hidden genetic potential. [Xom's
                  | grace]
 14111 | D:13     | Gained mutation: You are somewhat resistant to further
                  | mutation. [Xom's grace]
 14111 | D:13     | Gained mutation: Your system is resistant to poisons.
                  | (rPois) [Xom's grace]
 14111 | D:13     | Gained mutation: Your spells are a little harder to cast,
                  | but a little more powerful. [Xom's grace]
 14111 | D:13     | Gained mutation: You have sharp fingernails. [Xom's grace]
 14145 | D:13     | Found Rugohu's Antique Armour Emporium.
 14147 | D:13     | Found Difidi's Armour Emporium.
 14148 | D:13     | Found Manyrune's Distillery.
 14149 | D:13     | Found Senenump's Antique Weapon Emporium.
 14329 | Lair:1   | Entered Level 1 of the Lair of Beasts
 14365 | Lair:1   | XOM: snakes to sticks
 14370 | Lair:1   | XOM: cleaving
 14372 | Lair:1   | Noticed Joseph
 14378 | Lair:1   | XOM: enchant monster (good)
 14381 | Lair:1   | Killed Joseph
 14389 | Lair:1   | XOM: god gift: 48 gold pieces
 14399 | Lair:1   | Noticed Maggie
 14405 | Lair:1   | Killed Maggie
 14567 | Lair:1   | Noticed an eight-headed hydra
 14574 | Lair:1   | an eight-headed hydra changed into a shapeshifter
 14619 | Lair:1   | XOM: divination: detect items
 14629 | Lair:1   | Reached XP level 13. HP: 115/127 MP: 14/14
 14774 | Lair:1   | XOM: fake destruction
 14888 | Lair:1   | XOM: give mutation
 14888 | Lair:1   | Lost mutation: You are somewhat resistant to further
                  | mutation. [Xom's mischief]
 15064 | Lair:2   | XOM: cast spell 'Alistair's Intoxication'
 15069 | Lair:2   | XOM: potion effect (haste)
 15074 | Lair:2   | XOM: cast spell 'Summon Hydra'
 15141 | Lair:2   | Identified the +0 plate armour of Yryiwkah {rPois rN+}
 15204 | Lair:2   | XOM: noise
 15208 | Lair:2   | Reached skill level 16 in Fighting
 15222 | Lair:2   | XOM: noise
 15310 | Lair:2   | Identified the +4 mace "Kon Gorphiheo" {vorpal, rF+ Will+
                  | Dex+4}
 15318 | Lair:2   | XOM: confusion (+ monsters)
 15676 | Lair:2   | XOM: god gift: 594 gold pieces
 15743 | Lair:2   | XOM: 5-stop teleportation journey
 15753 | Lair:3   | Found a hole to the Spider Nest.
 15968 | Lair:3   | XOM: silly message
 15980 | Lair:3   | Found a runed translucent door.
 16009 | Lair:3   | XOM: potion effect (might)
 16019 | Lair:3   | XOM: confuse monster(s)
 16220 | Lair:3   | XOM: 1-stop teleportation journey
 16278 | Lair:3   | XOM: fake destruction
 16298 | Lair:3   | Reached skill level 15 in Polearms
 16298 | Lair:3   | Reached XP level 14. HP: 111/138 MP: 15/15
 16583 | Lair:3   | Noticed feta's ghost (adept GnGl)
 16609 | Lair:3   | Killed feta's ghost
 16973 | Lair:4   | XOM: confusion (+ monsters)
 17093 | Lair:4   | XOM: 1-stop teleportation journey
 17129 | Lair:4   | XOM: noise
 17131 | Lair:4   | XOM: give mutations
 17131 | Lair:4   | Lost mutation: You have sharp fingernails. [Xom's mischief]
 17131 | Lair:4   | Lost mutation: You expend magic power (3 MP) to strengthen
                  | your wands. [Xom's mischief]
 17213 | Lair:4   | XOM: confuse monster(s)
 17402 | Lair:4   | XOM: divination: magic mapping
 17424 | Lair:4   | XOM: 5-stop teleportation journey
 17559 | Lair:4   | XOM: silly message
 17781 | Lair:5   | XOM: cast spell 'Call Canine Familiar'
 17812 | Lair:5   | XOM: summons 1 hostile shadow creature
 17892 | Lair:5   | XOM: god gift: dagger {god gift}
 18041 | Lair:5   | XOM: scenery: summon butterflies
 18130 | Lair:5   | Reached skill level 10 in Dodging
 18296 | Lair:5   | XOM: scenery: summon butterflies
 18410 | Lair:5   | XOM: god gift: pair of embroidered gloves {god gift}
 18474 | Lair:6   | Entered Level 6 of the Lair of Beasts
 18482 | Lair:6   | XOM: cast spell 'Summon Horrible Things'
 18484 | Lair:6   | Reached skill level 17 in Fighting
 18525 | Lair:6   | XOM: fake destruction
 18641 | Lair:6   | XOM: polymorph small abomination -> small abomination
 18648 | Lair:6   | Reached skill level 5 in Shields
 18650 | Lair:6   | XOM: polymorph ufetubus -> iron imp
 18654 | Lair:6   | XOM: divination: magic mapping
 18663 | Lair:6   | XOM: 1-stop teleportation journey
 18726 | Lair:6   | XOM: scenery: 1 doors open
 18760 | Lair:6   | Found a transporter.
 18762 | Lair:6   | XOM: summons 8 friendly demons
 18885 | Lair:6   | XOM: summons friendly shadow imp
 18951 | Lair:6   | XOM: divination: detect creatures
 19008 | Lair:6   | Found a staircase to the Slime Pits.
 19038 | Lair:6   | Found a transporter.
 19047 | Lair:6   | XOM: god gift: scroll of summoning
 19099 | Lair:6   | XOM: silly message
 19120 | Lair:6   | XOM: potion effect (might)
 19344 | Lair:6   | XOM: potion effect (curing)
 19458 | Lair:6   | Gained mutation: You are mostly covered in razor-sharp
                  | scales. (AC +2, Slay +2) [demonic ancestry]
 19458 | Lair:6   | Reached XP level 15. HP: 126/147 MP: 16/16
 19488 | Lair:6   | Identified the +10 whip of the Baking Bear {drain, rF-
                  | Will+ Int+4}
 19498 | Lair:6   | XOM: smoke on damage
 19524 | Lair:6   | Found a corrupted altar of Lugonu.
 19524 | Lair:6   | Found a one-way gate to the infinite horrors of the Abyss.
 19633 | Lair:6   | Noticed Morbidden's ghost (journeyman DsCj)
 19969 | Lair:2   | Found a staircase to the Swamp.
 20050 | Lair:2   | XOM: silly message
 20249 | Lair:2   | XOM: divination: magic mapping
 20302 | Lair:1   | XOM: silly message
 20320 | D:10     | XOM: silly message
 20358 | Orc:1    | Entered Level 1 of the Orcish Mines
 20386 | Orc:1    | XOM: silly message
 20435 | Orc:1    | You fall into a shaft and drop 1 floor!
 20435 | Orc:2    | Entered Level 2 of the Orcish Mines
 20435 | Orc:2    | Noticed an orc warlord
 20447 | Orc:2    | XOM: potion effect (invisibility)
 20455 | Orc:2    | XOM: potion effect (might)
 20475 | Orc:2    | Noticed Donald
 20476 | Orc:2    | Mangled by an orc warrior

Illustrated notes

Levels and vault maps discovered:
D:1:      dpeg_arrival_brainrot, layout_loops_corners,
          shapermc_ecumenical_altar_ellora, minmay_misc_feat_doors
D:2:      layout_basic, grunt_ministairs_6
D:3:      layout_basic, marbit_many_paths, fiery_altar_vehumet,
          dk_noncrumbling_2, uniq_grinder, uniq_jessica
D:4:      nicolae_cairo_tiling_very_big, layout_loops_ring,
          grunt_nemelex_the_gamble, nicolae_qazlal_general_emergency,
          minitemple, portal_sewer_entry_e, uniq_robin
D:5:      layout_basic, minmay_temple_entry_gardened_gates,
          minmay_misc_feat_ornament
D:6:      layout_layer_cave, minmay_manual_mares
D:7:      layout_rooms, nicolae_overflow_crystal_walls, kiku_gazebo_pond_becter,
          mainiacjoe_overflow_concentric_impassable, makhleb_grotto_becter,
          enter_bailey_3, grunt_decor_mini_mirrors
D:8:      layout_basic, mainiacjoe_overflow_alcove_2
D:9:      layout_basic, serial_co_window_serial, co_window_paths_a,
          co_window_paths_b, co_window_corner_a, co_window_paths_a,
          co_window_corner_a, co_window_paths_a, co_window_of_opportunity_a,
          co_window_broadway_a, co_window_broadway_b, co_window_cross_2,
          co_window_paths_c, co_window_broadway_c, co_window_corner_b,
          co_window_corner_b, glass_columns_a, glass_columns_a, glass_columns_b,
          glass_columns_a, glass_columns_a, uniq_prince_ribbit1
D:10:     layout_big_octagon, nicolae_overflow_hidden_temple, lair_entry_dummy,
          fountainhead, grunt_decor_cap
D:11:     layout_roguey, minmay_orc_entry_temple_small
D:12:     minmay_bubble_buster, layout_irregular_city, serial_shops,
          kennysheep_mini
D:13:     layout_loops_cross, gauntlet_entry_generic,
          kennysheep_decorative_pillar, minmay_shop_grid_forest, drop_trap
Lair:1:   layout_long_grid, grunt_megastairs_3, uniq_joseph, uniq_maggie
Lair:2:   minmay_lair_venomous_thicket, layout_gridlike,
          minmay_swamp_entry_wisps, disabler_island
Lair:3:   layout_loops_ring, spider_nest_entry_a, gammafunk_ghost_grave,
          serial_rivers, chequers_serial_rivers_micro_b,
          chequers_serial_rivers_micro_e, chequers_serial_rivers_large_b,
          chequers_serial_rivers_micro_b, chequers_serial_rivers_micro_e,
          chequers_serial_rivers_micro_d, serial_bayou_shore_a
Lair:4:   layout_gridlike
Lair:5:   layout_loops_ring, grunt_megastairs_4
Lair:6:   hellmonk_lair_end_abyssal_woods, layout_regular_city,
          dpeg_slime_entry_corner, nzn_ghost_randoct, lemuel_fruit_fields
Orc:1:    layout_caves, guppyfry_library_mini, uniq_sonja
Orc:2:    st_orc_congregation, layout_caves, serial_shops, shop, uniq_donald

Skill      XL: |  1  2  3  4  5  6  7  8  9 10 11 12 13 14 |
---------------+-------------------------------------------+-----
Polearms       | 3 4 5 6 8 9 10 11 13 15 16 | 16.6
Armour         | 2 3 4 5 |  5.8
Dodging        | 1 2 3 4 6 7 8 9 10 | 10.7
Fighting       | 4 5 6 8 11 14 15 16 17 | 17.7
Shields        | 1 2 3 4 5 |  5.1
Throwing       | 1 |  1.0
Evocations     | |  0.3

Action                   |  1- 3 |  4- 6 |  7- 9 | 10-12 | 13-15 || total
-------------------------+-------+-------+-------+-------+-------++-------
Melee: Spear             |   123 |   169 |   608 |   278 |       ||  1178
       Punch             |       |     2 |     6 |     8 |       ||    16
       Tailslap          |       |    15 |    77 |    83 |   114 ||   289
       Kick              |       |       |     7 |   166 |   239 ||   412
       Halberd           |       |       |       |   216 |   685 ||   901
       Headbutt          |       |       |       |    40 |   161 ||   201
Throw: Throwing net      |       |       |     1 |     4 |       ||     5
       Boomerang         |       |       |       |     3 |       ||     3
Evoke: Wand              |       |       |     4 |    29 |     2 ||    35
  Use: Scroll            |     1 |     3 |    15 |    18 |     9 ||    46
       Potion            |       |       |     2 |     3 |     5 ||    10
 Stab: Sleeping          |     2 |     2 |     3 |     1 |     4 ||    12
       Paralysed         |     1 |       |       |     3 |       ||     4
       Held in net/web   |       |       |     3 |     1 |       ||     4
       Confused          |       |       |     2 |     3 |     4 ||     9
       Invisible         |       |       |       |     1 |     8 ||     9
       Distracted        |       |       |       |       |     2 ||     2
Armor: Leather armour    |    32 |    21 |    72 |       |       ||   125
       Troll leather arm |       |       |   150 |   106 |   160 ||   416
Dodge: Dodged            |    43 |    59 |   274 |   245 |   478 ||  1099
Block: Other             |    14 |    16 |    74 |    51 |    91 ||   246
